 Dungeon Crawl Stone Soup version 0.31-a0-343-g456c268693 (webtiles) character file.

Game seed: 13759932367768420729

127243 Hajna the Executioner (level 16, -4/162 HPs)
             Began as a Hill Orc Fighter on June 22, 2023.
             Was the Champion of Beogh.
             Succumbed to barbed spike wounds
             ... on level 1 of the Spider Nest on July 21, 2023.
             The game lasted 01:38:27 (25444 turns).

Hajna the Executioner (Hill Orc Fighter)           Turns: 25444, Time: 01:38:28

Health: -4/162     AC: 18    Str: 27    XL:     16   Next: 65%
Magic:  30/33      EV: 19    Int:  8    God:    Beogh [******]
Gold:   565        SH:  5    Dex: 12    Spells: 13/15 levels left

rFire   + + +        I - +9 battleaxe (flame)
rCold   + + .        (shield currently unavailable)
rNeg    + . .        S - +6 acid dragon scales
rPois   +            N - -2 hat of the Alchemist {rElec rPois rF+ rC+ rN+ Will+ rMut rCorr}
rElec   +            E - scarf {rC+ rF+}
rCorr   +            Q - +2 pair of gloves
SInv    .            k - +0 pair of boots
Will    ++++.        t - amulet of reflection
Stlth   ++           n - ring "Boydgh" {rF++ rC- Will+ rCorr MP+9}
HPRegen 0.47/turn    U - ring of Waujut {+Blink Will+ EV+5 Str+2}
MPRegen 0.23/turn

%: reflection, resist mutation
@: resistant, marked, wereblooded, spiked, slowed, very slow
A: walk on water, poison resistance, evolution 1, MP-powered wands
}: 1/15 runes: barnacled
a: Renounce Religion, Evoke Blink, Smiting, Recall Orcish Followers, Give Item
to Named Follower, Resurrection


You were on level 1 of the Spider Nest.
You worshipped Beogh.
Beogh was exalted by your worship.
You visited 5 branches of the dungeon, and saw 22 of its levels.

You collected 1602 gold pieces.
You spent 1037 gold pieces at shops.

Inventory:

Hand Weapons
 I - a +9 battleaxe of flaming (weapon)
Missiles
 h - 3 throwing nets
Armour
 k - a +0 pair of boots (worn)
 p - a +0 kite shield
 E - a scarf of resistance (worn)
 N - the -2 hat of the Alchemist (worn) {rElec rPois rF+ rC+ rN+ Will+ rMut rCorr}
   (You bought it in a shop on level 2 of the Shoals)

   rF:        It protects you from fire.
   rC:        It protects you from cold.
   rElec:     It insulates you from electricity.
   rPois:     It protects you from poison.
   rN:        It protects you from negative energy.
   rCorr:     It protects you from acid and corrosion.
   rMut:      It protects you from mutation.
   Will:      It increases your willpower.
 Q - a +2 pair of gloves (worn)
 S - +6 acid dragon scales (worn)
Jewellery
 d - an amulet of regeneration
 n - the ring "Boydgh" (left hand) {rF++ rC- Will+ rCorr MP+9}
   (You found it on level 4 of the Shoals)

   [ring of magical power]

   rF:        It greatly protects you from fire.
   rC:        It makes you vulnerable to cold.
   MP:        It affects your magic capacity (+9).
   rCorr:     It protects you from acid and corrosion.
   Will:      It increases your willpower.
 t - an amulet of reflection (around neck)
 U - the ring of Waujut (right hand) {+Blink Will+ EV+5 Str+2}
   (You found it on level 1 of the Lair of Beasts)

   [ring of evasion]

   EV:        It affects your evasion (+5).
   Str:       It affects your strength (+2).
   +Blink:    It lets you blink.
   Will:      It increases your willpower.
 V - a ring of protection from cold
Wands
 a - a wand of light (1)
 f - a wand of digging (12)
 z - a wand of iceblast (32)
 O - a wand of paralysis (17)
 P - a wand of flame (13)
 Z - a wand of mindburst (17)
Scrolls
 c - a scroll of fear
 g - 4 scrolls of immolation
 j - a scroll of identify
 m - 6 scrolls of teleportation
 o - a scroll of brand weapon
 r - 4 scrolls of blinking
 v - 2 scrolls of fog
 x - 5 scrolls of vulnerability
 L - 6 scrolls of poison
 W - a scroll of silence
Potions
 b - 3 potions of magic
 e - 4 potions of invisibility
 i - 4 potions of enlightenment
 l - 6 potions of curing
 A - 2 potions of brilliance
 D - 2 potions of ambrosia
 M - 2 potions of mutation
 T - 2 potions of haste
Miscellaneous
 q - a condenser vane
 u - a phial of floods


   Skills:
 + Level 19.9 Fighting
 + Level 21.2 Axes
 + Level 3.3 Throwing
 * Level 13.2 Armour
 + Level 6.5 Dodging
 + Level 4.9 Stealth
 + Level 9.2 Shields
 + Level 10.7 Invocations
 * Level 6.2 Evocations


You had 13 spell levels left.
You knew the following spells:

 Your Spells              Type           Power      Damage    Failure   Level
a - Wereblood             Tmut           0%         N/A       58%         2

Your spell library contained the following spells:

 Spells                   Type           Power      Damage    Failure   Level
 Foxfire                  Conj/Fire      0%         2x1d4     45%         1
 Magic Dart               Conj           0%         1d3       45%         1
 Necrotise                Necr           0%         1d4       45%         1
 Summon Small Mammal      Summ           0%         N/A       45%         1
 Call Imp                 Summ           0%         N/A       58%         2
 Cigotuvi's Dreadful Rot  Necr/Pois/Air  0%         N/A       58%         2
 Scorch                   Fire           0%         2d5       58%         2
 Sublimation of Blood     Necr           0%         N/A       58%         2
 Call Canine Familiar     Summ           0%         N/A       83%         3
 Ignite Poison            Fire/Tmut/Pois 0%         N/A       83%         3
 Mephitic Cloud           Conj/Pois/Air  0%         N/A       83%         3
 Summon Guardian Golem    Hex/Summ       0%         N/A       83%         3
 Vampiric Draining        Necr           0%         2d6       83%         3
 Cause Fear               Hex            0%         N/A       99%         4
 Flame Wave               Conj/Fire      0%         2d4       99%         4
 Agony                    Necr           0%         N/A       100%        5
 Fireball                 Conj/Fire      0%         3d3       100%        5
 Freezing Cloud           Conj/Ice/Air   0%         6-21      100%        5
 Iskenderun's Battlesphe  Conj           0%         2d6       100%        5
 Leda's Unmaking          Conj/Erth      0%         9d1       100%        6
 Plasma Beam              Fire/Air       0%         2x1d10    100%        6
 Starburst                Conj/Fire      0%         6d3       100%        6
 Summon Cactus Giant      Summ           0%         N/A       100%        6
 Orb of Destruction       Conj           0%         9d5       100%        7
 Spellforged Servitor     Conj/Summ      0%         N/A       100%        7
 Summon Hydra             Summ           0%         N/A       100%        7
 Dragon's Call            Summ           0%         N/A       100%        9


Dungeon Overview and Level Annotations

Branches:
Dungeon (11/15)            Temple (0/1) D:6            Lair (5/5) D:11
 Shoals (4/4) Lair:3       Spider (1/4) Lair:2        Slime (0/5) Lair:5
    Orc (1/2) D:10

Altars:
Ashenzari
Cheibriados
Gozag
Qazlal
Ru
Uskayaw
Yredelemnul
The Shining One
Jiyva

Shops:
D:4 !*   D:5 :   D:11 !   Shoals:2 [   Shoals:3 [   Shoals:4 *

Annotations:
Spider:1 Frances, Rupert


Innate Abilities, Weirdness & Mutations

You can walk on water.
Your system is resistant to poisons. (rPois)
You have hidden genetic potential.
You expend magic power (3 MP) to strengthen your wands.


Message History

* * * LOW HITPOINT WARNING * * *
The tarantella barely misses you.
The steelbarb worm hits you but does no damage.
The jumping spider pounces on you.
* * * LOW HITPOINT WARNING * * *
You block the jumping spider's attack. The steelbarb worm closely misses you.
Frances, Duchess of Pandemonium comes into view.
She is wielding a +1 trident of venom.
The demonic crawler hits you but does no damage.
You block the demonic crawler's attack. The demonic crawler hits you.
* * * LOW HITPOINT WARNING * * *
The demonic crawler moves out of view.
Okay, then.
As you read the scroll of fear, it crumbles to dust.
You assume a fearsome visage.
Rupert resists with almost no effort.
Frances resists with some effort.
The tarantella looks frightened!
The entropy weaver looks frightened!
The culicivora looks frightened!
The steelbarb worm looks frightened!
The jumping spider looks frightened!
The demonic crawler resists with some effort.
The pharaoh ant is unaffected.
The wolf spider looks frightened!
The torpor snail easily resists.
The jumping spider looks frightened! x2
The orb spider looks frightened!
The steelbarb worm looks frightened!
The jumping spider leaps! x3
A moth of wrath comes into view.
You block the demonic crawler's attack. The demonic crawler barely misses you.
The demonic crawler hits you!
* * * LOW HITPOINT WARNING * * *
The jumping spider leaps!
The moth of wrath moves out of view.
Cleave: I) +9 battleaxe (flame)
Press: ? - help, Dir - move target, f - Rupert
Aim: Rupert, wielding a +0 battleaxe of electrocution and wearing a +0 chain mail of positive energy (sparse dust, about 20% to evade your +9 battleaxe of flaming)
Okay, then.
There are monsters nearby!
Okay, then.
Blink to where?
Press: ? - help, Dir - move target
As you read the scroll of blinking, it crumbles to dust.
The pharaoh ant closely misses you.
The barbs in your skin will harm you if you move.
Continue?
The barbed spikes dig painfully into your body as you move.
You die...

... .. #..# #.
.... ##.# ...#
#.#. ...##..
.#..#..†###......#
...B##.†)#†...#.=#
# #@.†#.#††#.....
..#>...@)†#....#
#....#B#s.s##.^
.s#....#.s†#s..#
..w....@).......#
#......w§.#..s..##
#...#.###.#..#....
^.#### .#.#.s##..
. #w.#.. . ..
..#.#.


You could see Frances, an entropy weaver (fleeing), a steelbarb worm (fleeing),
2 demonic crawlers, a wolf spider (fleeing), an orb spider (charged, fleeing), a
culicivora (fleeing), a pharaoh ant, a jumping spider and a tarantella
(fleeing).

Vanquished Creatures
  Mara (Shoals:3)
  2 krakens
  The ghost of Repneat the Warrior, an adept DsGl of Hepliaklqana (Shoals:2)
  An emperor scorpion (Spider:1)
  A broodmother (Spider:1)
  A minotaur (Shoals:2)
  3 merfolk javelineers
  Josephine (Spider:1)
  3 merfolk impalers
  2 hydras
  3 merfolk avatars
  Erolcha (D:9)
  A catoblepas (Lair:3)
  3 satyrs
  2 boulder beetles
  3 merfolk aquamancers
  6 death yaks (Lair:5)
  The ghost of Odexios the Firebug, a novice DrCA of Ignis (D:9)
  A demonic crawler (Spider:1)
  A skyshark (Shoals:1)
  Amaemon (Lair:2)
  A fire crab (Lair:5)
  12 sea snakes
  An orb spider (Spider:1)
  Pikel (D:6)
  11 harpies
  7 manticores
  2 wolf spiders (Spider:1)
  13 fauns
  17 elephants
  8 merfolk sirens
  Joseph (D:8)
  4 black mambas
  13 cane toads
  2 water nymphs
  A torpor snail (Lair:4)
  An orange demon (Lair:2)
  3 komodo dragons
  2 rime drakes (Lair:4)
  21 merfolk
  A troll (D:11)
  Grinder (D:6)
  2 meliai (Shoals:2)
  9 wind drakes
  A hornet (Lair:5)
  Prince Ribbit (D:8)
  7 snapping turtles
  A dream sheep (Lair:2)
  8 blink frogs
  Sigmund (D:6)
  A tarantella (Spider:1)
  3 culicivoras (Spider:1)
  8 water elementals
  3 wraiths (Spider:1)
  5 wyverns
  29 yaks
  5 basilisks
  4 redbacks
  2 steam dragons
  An acid dragon (D:11)
  16 water moccasins
  Duvessa (D:6)
  4 sky beasts
  4 orc warriors
  9 ice beasts
  6 ogres
  3 black bears
  3 wolves (Lair:4)
  5 centaurs
  2 kobold brigands
  A lemure (D:6)
  Blork the orc (D:4)
  10 bullfrogs
  2 scorpions
  10 wights
  Dowan (D:6)
  2 killer bees (D:9)
  5 howler monkeys
  2 electric eels (D:11)
  2 hounds
  3 orc priests
  A jelly (D:7)
  Jessica (D:3)
  5 iguanas
  4 sleepcaps
  8 orc wizards
  5 hell rats (Lair:3)
  9 gnolls
  7 adders
  2 shadow imps (D:6)
  A white imp (D:7)
  2 ufetubi
  A dart slug (D:1)
  35 orcs
  5 bats
  7 endoplasms
  A giant cockroach (D:4)
  6 goblins
  10 hobgoblins
  4 jackals (D:3)
  3 quokkas
  5 ball pythons
  A frilled lizard (D:2)
  16 kobolds
  6 rats
  6 tentacles
496 creatures vanquished.

Vanquished Creatures (collateral kills)
  A kraken (Shoals:3)
  The ghost of Hemirghao the Imperceptible, an adept SpEn of Zin (Shoals:2)
  Snorg (Lair:5)
  A merfolk javelineer (Shoals:4)
  4 merfolk impalers (Shoals:4)
  3 hydras
  A centaur warrior (Shoals:1)
  Erica (Lair:2)
  A two-headed ogre (D:10)
  5 death yaks (Lair:5)
  A skyshark (Lair:5)
  5 sea snakes
  An orb spider (Lair:2)
  5 harpies
  4 wolf spiders
  A moth of wrath (Spider:1)
  3 fauns
  4 manticores
  A cyclops (D:10)
  2 ugly things (D:9)
  A guardian serpent (Lair:5)
  6 black mambas
  4 elephants
  A merfolk siren (Shoals:4)
  2 torpor snails
  2 rime drakes
  4 komodo dragons
  10 cane toads
  2 wind drakes
  A meliai (Shoals:2)
  2 hornets
  5 merfolk
  2 polar bears
  5 blink frogs
  3 tarantellas (Spider:1)
  4 snapping turtles
  A dream sheep (Lair:2)
  A culicivora (Spider:1)
  2 wyverns (Lair:5)
  16 yaks
  2 basilisks
  A water elemental (Shoals:2)
  7 redbacks
  11 water moccasins
  An ogre (Orc:1)
  5 bullfrogs
  A gnoll sergeant (D:8)
  2 wights (D:8)
  A killer bee (D:9)
  An orc priest (D:11)
  2 orc wizards
  2 hell rats (Lair:3)
  11 orcs
  A kobold (D:11)
168 creatures vanquished.

Vanquished Creatures (others)
  An orc warlord (Spider:1)
  An orc sorcerer (Shoals:4)
  6 orc knights
  4 orc warriors
  7 orc priests
  6 orc wizards
  21 orcs
  A ball python (D:3)
  A frilled lizard (D:2)
  8 tentacles
56 creatures vanquished.

Grand Total: 720 creatures vanquished

Notes
Turn   | Place    | Note
-------+----------+-------------------------------------------
     0 | D:1      | Hajna the Hill Orc Fighter began the quest for the Orb.
     0 | D:1      | Reached XP level 1. HP: 19/19 MP: 1/1
   268 | D:1      | Reached XP level 2. HP: 27/27 MP: 2/2
   398 | D:1      | Reached skill level 3 in Axes
   669 | D:2      | Reached XP level 3. HP: 33/33 MP: 3/3
  1096 | D:2      | Reached skill level 4 in Axes
  1096 | D:2      | Reached XP level 4. HP: 40/40 MP: 4/4
  1313 | D:3      | Became a worshipper of Beogh the Brigand
  1352 | D:3      | Identified the +5 short sword "Tyxtoph" {distort, MP+9}
  1502 | D:3      | Reached XP level 5. HP: 47/47 MP: 5/5
  1711 | D:3      | Noticed an ogre
  1726 | D:3      | Killed an ogre
  1727 | D:3      | Reached skill level 5 in Axes
  1727 | D:3      | Reached XP level 6. HP: 26/53 MP: 6/6
  2105 | D:3      | Noticed Jessica
  2110 | D:3      | Killed Jessica
  2147 | D:4      | Gained mutation: A frigid envelope surrounds you and
                  | freezes all who hurt you. [potion of mutation]
  2152 | D:4      | HP: 4/82 [poisoned by a scorpion]
  2485 | D:4      | Found Vafedusy's Distillery.
  2493 | D:4      | Bought a potion of heal wounds for 65 gold pieces
  2501 | D:4      | Reached skill level 6 in Axes
  2507 | D:4      | Reached * piety under Beogh
  2642 | D:4      | Found Xetuah's General Store.
  2687 | D:4      | Noticed a black bear
  2691 | D:4      | Killed a black bear
  2692 | D:4      | Reached skill level 5 in Fighting
  2692 | D:4      | Reached skill level 5 in Armour
  2692 | D:4      | Reached XP level 7. HP: 53/61 MP: 7/7
  2860 | D:4      | Noticed Blork the orc
  2865 | D:4      | Killed Blork the orc
  3155 | D:4      | Reached skill level 1 in Throwing
  3347 | D:5      | Entered Level 5 of the Dungeon
  3357 | D:5      | Reached skill level 7 in Axes
  3367 | D:5      | Reached skill level 1 in Dodging
  3596 | D:5      | Reached skill level 8 in Axes
  3596 | D:5      | Reached XP level 8. HP: 62/69 MP: 8/8
  3789 | D:5      | Found Goetepp's Book Boutique.
  4131 | D:5      | Reached skill level 9 in Axes
  4318 | D:6      | Found a sacrificial altar of Ru.
  4326 | D:6      | Found a snail-covered altar of Cheibriados.
  4434 | D:6      | Reached skill level 5 in Shields
  4509 | D:6      | Reached skill level 1 in Invocations
  4711 | D:6      | Found a staircase to the Ecumenical Temple.
  4922 | D:6      | Noticed Sigmund
  4925 | D:6      | Killed Sigmund
  4926 | D:6      | Reached skill level 10 in Axes
  4926 | D:6      | Reached XP level 9. HP: 75/75 MP: 10/10
  4977 | D:6      | Noticed Pikel
  4998 | D:6      | Killed Pikel
  4999 | D:6      | Reached skill level 1 in Stealth
  5014 | D:6      | Noticed Grinder
  5014 | D:6      | Paralysed by Grinder for 3 turns
  5062 | D:6      | Paralysed by Grinder for 2 turns
  5067 | D:6      | Killed Grinder
  5266 | D:6      | Noticed Duvessa
  5271 | D:6      | Noticed Dowan
  5276 | D:6      | Killed Duvessa
  5279 | D:6      | Killed Dowan
  5371 | D:6      | Reached ** piety under Beogh
  5373 | D:6      | Reached skill level 11 in Axes
  5485 | D:6      | Reached skill level 1 in Evocations
  5727 | D:7      | Found a broken altar of Ashenzari.
  5935 | D:7      | Reached skill level 5 in Invocations
  5935 | D:7      | Reached XP level 10. HP: 84/84 MP: 13/13
  6239 | D:7      | Identified the +10 trident "Efuch" {heavy, rC+ Int+4}
  6336 | D:7      | Found a stormy altar of Qazlal.
  6336 | D:7      | Found a glowing golden altar of the Shining One.
  6544 | D:8      | Reached skill level 12 in Axes
  6564 | D:8      | Noticed Prince Ribbit
  6572 | D:8      | Killed Prince Ribbit
  6572 | D:8      | Reached *** piety under Beogh
  6736 | D:8      | Gained Blodwig as an ally
  7407 | D:8      | Noticed Joseph
  7420 | D:8      | Killed Joseph
  7820 | D:9      | Noticed Erolcha
  7825 | D:9      | Killed Erolcha
  7833 | D:9      | Reached XP level 11. HP: 90/94 MP: 16/16
  8124 | D:9      | Identified a scroll of acquirement
  8124 | D:9      | Acquired a manual of Fighting
  8277 | D:9      | Found a runed translucent gate.
  8277 | D:9      | Found a runed translucent gate.
  8277 | D:9      | Found a runed translucent gate.
  8278 | D:9      | Found an opulent altar of Gozag.
  8280 | D:9      | Noticed Odexios's ghost (novice DrCA)
  8280 | D:9      | Noticed a harpy
  8281 | D:9      | Noticed a white ugly thing
  8281 | D:9      | Noticed a cyan ugly thing
  8396 | D:9      | Found a hide-covered altar of Uskayaw.
  8396 | D:9      | Found an opulent altar of Gozag.
  8396 | D:9      | Found a basalt altar of Yredelemnul.
  8621 | D:10     | Entered Level 10 of the Dungeon
  8681 | D:10     | Reached skill level 13 in Axes
  8776 | D:10     | Noticed a two-headed ogre
  8783 | D:10     | Killed a two-headed ogre
  8830 | D:10     | Found a staircase to the Orcish Mines.
  9012 | D:10     | Noticed a cyclops
  9022 | D:10     | Killed a cyclops
  9488 | D:11     | Found Tiqashrid's Distillery.
  9699 | D:11     | Noticed a manticore
  9706 | D:11     | Killed a manticore
  9918 | D:11     | Noticed a manticore
  9932 | D:11     | Killed a manticore
 10033 | D:11     | Found a staircase to the Lair.
 10065 | D:11     | Reached skill level 10 in Fighting
 10066 | D:11     | Reached **** piety under Beogh
 10071 | D:11     | Gained Koronagh as an ally
 10408 | D:9      | Killed a harpy
 10410 | D:9      | Killed a white ugly thing
 10411 | D:9      | Killed a cyan ugly thing
 10412 | D:9      | Reached skill level 14 in Axes
 10416 | D:9      | Killed Odexios's ghost
 10458 | D:9      | Lost mutation: A frigid envelope surrounds you and freezes
                  | all who hurt you. [potion of mutation]
 10458 | D:9      | Gained mutation: You occasionally lose the ability to read
                  | scrolls when taking damage. [potion of mutation]
 10458 | D:9      | Gained mutation: You have supernaturally acute eyesight.
                  | (SInv) [potion of mutation]
 10520 | D:11     | Bought a potion of mutation for 104 gold pieces
 10520 | D:11     | Bought 2 potions of mutation for 208 gold pieces
 10520 | D:11     | Lost mutation: You occasionally lose the ability to read
                  | scrolls when taking damage. [potion of mutation]
 10520 | D:11     | Lost mutation: You have supernaturally acute eyesight.
                  | (SInv) [potion of mutation]
 10520 | D:11     | Gained mutation: Your mind is acute. (Int +4, Str/Dex -1)
                  | [potion of mutation]
 10520 | D:11     | Gained mutation: Your spells are a little harder to cast,
                  | but a little more powerful. [potion of mutation]
 10520 | D:11     | Gained mutation: Your magical capacity is low. (-10% MP)
                  | [potion of mutation]
 10521 | D:11     | Lost mutation: Your mind is acute. (Int +4, Str/Dex -1)
                  | [potion of mutation]
 10521 | D:11     | Lost mutation: Your magical capacity is low. (-10% MP)
                  | [potion of mutation]
 10521 | D:11     | Gained mutation: You have sharp toenails. [potion of
                  | mutation]
 10521 | D:11     | Gained mutation: You are frail. (-10% HP) [potion of
                  | mutation]
 10522 | D:11     | Lost mutation: You are frail. (-10% HP) [potion of
                  | mutation]
 10522 | D:11     | Lost mutation: Your spells are a little harder to cast, but
                  | a little more powerful. [potion of mutation]
 10522 | D:11     | Lost mutation: You have sharp toenails. [potion of
                  | mutation]
 10522 | D:11     | Gained mutation: You are somewhat resistant to further
                  | mutation. [potion of mutation]
 10522 | D:11     | Lost mutation: You are somewhat resistant to further
                  | mutation. [potion of mutation]
 10522 | D:11     | Gained mutation: Your flesh is cold resistant. (rC+)
                  | [potion of mutation]
 10564 | Orc:1    | Entered Level 1 of the Orcish Mines
 10617 | Orc:1    | Noticed an orc sorcerer
 10708 | Lair:1   | Entered Level 1 of the Lair of Beasts
 10849 | Lair:1   | Reached XP level 12. HP: 82/110 MP: 18/18
 11288 | Lair:1   | Noticed a five-headed hydra
 11295 | Lair:1   | Killed a three-headed hydra
 11583 | Lair:1   | Reached skill level 15 in Axes
 11678 | Lair:1   | Identified the ring of Waujut {+Blink Will+ EV+5 Str+2}
 12196 | Lair:2   | Noticed a boulder beetle
 12219 | Lair:2   | Killed a boulder beetle
 12220 | Lair:2   | Reached skill level 10 in Invocations
 12667 | Lair:2   | Noticed Erica
 12670 | Lair:2   | Killed Erica
 12716 | Lair:2   | Noticed an eight-headed hydra
 12717 | Lair:2   | Found a hole to the Spider Nest.
 12725 | Lair:2   | Killed a five-headed hydra
 12725 | Lair:2   | Reached ***** piety under Beogh
 12730 | Lair:2   | HP: 3/116 [disintegration (44)]
 12986 | Lair:2   | Noticed Amaemon
 12990 | Lair:2   | Killed Amaemon
 12991 | Lair:2   | Reached skill level 16 in Axes
 13401 | Lair:2   | Noticed a six-headed hydra
 13405 | Lair:2   | Killed a four-headed hydra
 13406 | Lair:2   | Reached XP level 13. HP: 123/124 MP: 20/20
 13974 | Lair:3   | Reached skill level 15 in Fighting
 13980 | Lair:3   | Gained Spirok as an ally
 14417 | Lair:3   | Found a staircase to the Shoals.
 14855 | Lair:4   | Reached skill level 10 in Armour
 15068 | Lair:4   | Reached skill level 17 in Axes
 15765 | Lair:5   | Entered Level 5 of the Lair of Beasts
 15992 | Lair:5   | Noticed Snorg
 15998 | Lair:5   | Killed Snorg
 16017 | Lair:5   | Your ally Koronagh died
 16206 | Lair:5   | Found a viscous altar of Jiyva.
 16206 | Lair:5   | Found a staircase to the Slime Pits.
 16255 | Lair:5   | Reached XP level 14. HP: 88/140 MP: 21/21
 16259 | Lair:5   | Reached skill level 18 in Axes
 16594 | Lair:5   | Reached skill level 19 in Axes
 17117 | Lair:5   | Gained Gorbash as an ally
 17743 | Shoals:1 | Entered Level 1 of the Shoals
 18523 | Shoals:1 | You fall into a shaft and drop 1 floor!
 18629 | Shoals:1 | Your ally Gorbash died
 18714 | Shoals:1 | Reached ****** piety under Beogh
 18907 | Shoals:1 | Reached skill level 5 in Dodging
 19581 | Shoals:2 | Reached skill level 20 in Axes
 19588 | Shoals:2 | Reached XP level 15. HP: 93/149 MP: 22/22
 19744 | Shoals:2 | Upgraded the game from 0.31-a0-183-g4352c244c2 to
                  | 0.31-a0-343-g456c268693
 19834 | Shoals:2 | Found a hide-covered altar of Uskayaw.
 19848 | Shoals:2 | Lost mutation: Your flesh is cold resistant. (rC+) [potion
                  | of mutation]
 19848 | Shoals:2 | Gained mutation: You have hidden genetic potential. [potion
                  | of mutation]
 19848 | Shoals:2 | Gained mutation: Your system is resistant to poisons.
                  | (rPois) [potion of mutation]
 19848 | Shoals:2 | Gained mutation: You expend magic power (3 MP) to
                  | strengthen your wands. [potion of mutation]
 20472 | Shoals:2 | Found Jicsaar's Armour Shop.
 20481 | Shoals:2 | Bought the -2 hat of the Alchemist {rElec rPois rF+ rC+ rN+
                  | Will+ rMut rCorr} for 660 gold pieces
 20481 | Shoals:2 | Found the -2 hat of the Alchemist {rElec rPois rF+ rC+ rN+
                  | Will+ rMut rCorr}
 20547 | Shoals:2 | Found a runed translucent gate.
 20547 | Shoals:2 | Found a runed translucent gate.
 20547 | Shoals:2 | Found a runed translucent gate.
 20547 | Shoals:2 | Noticed Hemirghao's ghost (adept SpEn)
 20553 | Shoals:2 | Noticed Repneat's ghost (adept DsGl)
 20575 | Shoals:2 | Killed Hemirghao's ghost
 20579 | Shoals:2 | Killed Repneat's ghost
 20582 | Shoals:2 | Gained Bogbrand as an ally
 20851 | Shoals:2 | Noticed a kraken
 20859 | Shoals:2 | Killed a kraken
 21450 | Shoals:3 | Noticed a kraken
 21460 | Shoals:3 | Killed a kraken
 21811 | Shoals:3 | Gained Bladwarg as an ally
 21863 | Shoals:3 | Noticed Mara
 21880 | Shoals:3 | Noticed Hajna's illusion
 21887 | Shoals:3 | Killed Mara
 22095 | Shoals:3 | Found Gautogun's Antique Armour Shoppe.
 22290 | Shoals:3 | Learned a level 2 spell: Wereblood
 22320 | Shoals:3 | Noticed a kraken
 22327 | Shoals:3 | Killed a kraken
 22766 | Shoals:4 | Entered Level 4 of the Shoals
 22975 | Shoals:4 | Reached XP level 16. HP: 151/160 MP: 23/23
 23106 | Shoals:4 | Reached skill level 5 in Evocations
 23512 | Shoals:4 | Identified the ring "Boydgh" {rF++ rC- Will+ rCorr MP+9}
 23752 | Shoals:4 | HP: 6/161 [drowned by a drowned soul[a merfolk avatar]
                  | (11)]
 24367 | Shoals:4 | Your ally Bogbrand died
 24375 | Shoals:4 | Reached skill level 21 in Axes
 24791 | Shoals:4 | Found Qagab's Assorted Antiques.
 24857 | Shoals:4 | Got a barnacled rune of Zot
 25382 | Spider:1 | Entered Level 1 of the Spider Nest
 25409 | Spider:1 | Your ally Spirok died
 25411 | Spider:1 | Your ally Blodwig died
 25413 | Spider:1 | Noticed Josephine
 25417 | Spider:1 | Your ally Bogbrand died
 25419 | Spider:1 | Your ally Bladwarg died
 25424 | Spider:1 | Killed Josephine
 25434 | Spider:1 | HP: 5/162 [jumping spider[a torpor snail] (7)]
 25438 | Spider:1 | Noticed Rupert
 25441 | Spider:1 | Noticed Frances
 25442 | Spider:1 | HP: 3/162 [demonic crawler (10)]
 25444 | Spider:1 | Succumbed to barbed spike wounds

Illustrated notes

Levels and vault maps discovered:
D:1:      dpeg_arrival_tiny_h, layout_basic, chequers_avenue
D:2:      layout_rooms
D:3:      layout_basic, serial_corexii_hall, corexii_hall_statues_i,
          corexii_hall_statues_s, corexii_hall_statues_l,
          corexii_hall_statues_u, uniq_jessica
D:4:      layout_basic, serial_shops, shop, shop, uniq_blork_the_orc
D:5:      layout_basic, serial_shops, nicolae_book_shop_shelving
D:6:      layout_basic, minitemple, minmay_temple_entry_poolview,
          roderic_roman_lattice, minmay_fractal_squares_gapless_5, uniq_duvessa,
          uniq_pikel, uniq_sigmund, uniq_grinder
D:7:      minmay_octagon_keep, layout_basic, ashenzari_conservatory_becter,
          amethyst_overflow_temple_binary
D:8:      layout_basic, hangedman_decor_riveting, minmay_between, uniq_joseph,
          uniq_prince_ribbit1
D:9:      layout_rooms, chequers_temple_overflow_statue_of_worship,
          ebering_ghost_gozag, minmay_misc_feat_secret_circle, uniq_erolcha
D:10:     layout_basic, hiddenorc1_lemuel
D:11:     layout_basic, lair_entry_dummy, serial_shops, shop,
          nicolae_concentric_dashed_squares_mild
Lair:1:   layout_cave_pods, nicolae_lair_lil_pond, grunt_megastairs_3
Lair:2:   layout_cave_pods, nicolae_spider_entry_orb_guardian,
          infiniplex_staircase_pool_2, uniq_amaemon, uniq_erica
Lair:3:   layout_chaotic_city, minmay_shoals_entry_lonely_mermaid
Lair:4:   layout_hall_layers
Lair:5:   hangedman_lair_tendril_chambers, layout_loops_ring, slime_entry_1,
          uniq_snorg
Shoals:1: layout_shoals, nicolae_shoals_square_sea_wall
Shoals:2: layout_shoals, serial_shops, shop, gammafunk_ghost_cemetery,
          regret_index_shoals_crete
Shoals:3: layout_shoals, serial_shops, shop, uniq_mara
Shoals:4: shoals_end_hangedman, layout_shoals, serial_shops, nicolae_shop_trees
Spider:1: layout_spider_delve, gammafunk_ghost_arena, uniq_rupert,
          uniq_josephine, uniq_frances
Orc:1:    layout_caves

Skill      XL: |  1  2  3  4  5  6  7  8  9 10 11 12 13 14 15 16 |
---------------+-------------------------------------------------+-----
Axes           | 3 4 5 6 8 10 11 12 14 16 17 20 21 | 21.2
Fighting       | 4 5 6 8 11 14 17 18 19 | 19.9
Armour         | 4 5 6 7 8 9 10 11 12 13 | 13.2
Shields        | 4 5 6 7 8 9 |  9.2
Throwing       | 1 2 3 |  3.3
Dodging        | 1 2 3 4 5 6 |  6.5
Invocations    | 2 5 7 8 10 | 10.7
Stealth        | 1 2 3 4 |  4.9
Evocations     | 1 4 6 |  6.2

Action                     |  1- 3 |  4- 6 |  7- 9 | 10-12 | 13-15 | 16-18 || total
---------------------------+-------+-------+-------+-------+-------+-------++-------
  Melee: War axe           |    91 |    65 |    37 |       |       |       ||   193
         Hand axe          |       |       |   230 |   110 |       |       ||   340
         Battleaxe         |       |       |       |   206 |   509 |   172 ||   887
  Throw: Dart              |       |     3 |    10 |    23 |       |       ||    36
   Cast: Wereblood         |       |       |       |       |       |     1 ||     1
 Invoke: Convert to Beogh  |       |     1 |       |       |       |       ||     1
         Smiting           |       |       |       |     5 |     6 |     2 ||    13
         Recall Orcish Fol |       |       |       |     1 |     2 |     2 ||     5
         Give Item to Name |       |       |       |       |     6 |       ||     6
         Resurrection      |       |       |       |       |       |     1 ||     1
Ability: Evoke Blink       |       |       |       |       |       |     1 ||     1
  Evoke: Wand              |       |       |     5 |     1 |     2 |       ||     8
         Condenser vane    |       |       |       |     1 |       |       ||     1
    Use: Scroll            |     2 |     1 |     3 |    18 |    15 |     3 ||    42
         Potion            |       |     5 |     1 |     7 |     4 |    11 ||    28
   Stab: Distracted        |       |       |       |     2 |     2 |       ||     4
         Paralysed         |       |       |       |       |     4 |       ||     4
         Sleeping          |       |       |       |       |     1 |       ||     1
 Armour: Scale mail        |    53 |    22 |    46 |    45 |       |       ||   166
         Acid dragon scale |       |       |       |    67 |   124 |    86 ||   277
         Ring mail         |       |       |       |       |    63 |       ||    63
  Dodge: Dodged            |    69 |    28 |    61 |   155 |   330 |   172 ||   815
  Block: Buckler           |    19 |    10 |    82 |    61 |       |       ||   172
         Other             |       |       |       |    48 |    79 |    49 ||   176
         Reflection        |       |       |       |    10 |     5 |     4 ||    19

Table legend: (Time is in decaauts)
 A = Elapsed time spent in this place.
 B = Non-inter-level travel time spent in this place.
 C = Inter-level travel time spent in this place.
 D = Time resting spent in this place.
 E = Time spent auto-exploring this place.
 F = Levels seen in this place.
 G = Mean time per level.
                   A        B        C        D        E       F      G
               +--------+--------+--------+--------+--------+-----+--------+
         Total |  25282 |  24000 |   1282 |      0 |  20605 |  22 | 1149.2 |
       Dungeon |  10639 |   9999 |    640 |      0 |   8319 |  11 |  967.2 |
          Lair |   7224 |   6826 |    398 |      0 |   6016 |   5 | 1444.8 |
        Shoals |   7284 |   7042 |    242 |      0 |   6226 |   4 | 1821.0 |
   Spider Nest |     57 |     57 |      0 |      0 |      0 |   1 |   57.0 |
  Orcish Mines |     76 |     76 |      0 |      0 |     43 |   1 |   76.0 |
               +--------+--------+--------+--------+--------+-----+--------+

Top non-repeatable levels by time:
Shoals:4: 2263 daAuts
  Lair:5: 1892 daAuts
Shoals:1: 1803 daAuts
Shoals:2: 1760 daAuts
  Lair:2: 1536 daAuts
  Lair:1: 1477 daAuts
Shoals:3: 1457 daAuts
     D:8: 1325 daAuts
     D:6: 1264 daAuts
     D:4: 1214 daAuts
  Lair:3: 1191 daAuts
  Lair:4: 1127 daAuts
    D:10: 997 daAuts
     D:3: 985 daAuts
     D:5: 931 daAuts
